 Dungeon Crawl Stone Soup version 0.30-a0-475-g03497ec522 (webtiles) character file.

Game seed: 17773528986778201271

77 Juicyj the Poker (level 4, 0/38 HPs)
             Began as a Minotaur Gladiator on Dec 20, 2022.
             Killed from afar by an orc wizard (7 damage)
             ... with a puff of flame
             ... on level 3 of the Dungeon.
             The game lasted 00:01:11 (1531 turns).

Juicyj the Poker (Minotaur Gladiator)               Turns: 1531, Time: 00:01:12

Health: 0/38       AC:  3    Str: 19    XL:     4   Next: 14%
Magic:  3/3        EV: 13    Int:  5    God:
Gold:   129        SH:  0    Dex: 13    Spells: 3/3 levels left

rFire   . . .      SeeInvis .    a - +0 trident
rCold   . . .      Faith    .    (no shield)
rNeg    . . .      Spirit   .    b - +0 leather armour
rPois   .          Reflect  .    c - +0 hat
rElec   .          Harm     .    (no cloak)
rCorr   .          Rampage  .    (no gloves)
Will    .....                    (no boots)
Stlth   +.........               (no amulet)
HPRegen 0.26/turn                (no ring)
MPRegen 0.08/turn                (no ring)

@: confused
A: horns 2, retaliatory headbutt
a: no special abilities


You were on level 3 of the Dungeon.
You visited 1 branch of the dungeon, and saw 3 of its levels.

You collected 129 gold pieces.

Inventory:

Hand Weapons
 a - a +0 trident (weapon)
Missiles
 d - 3 throwing nets (quivered)
 e - a javelin
Armour
 b - a +0 leather armour (worn)
 c - a +0 hat (worn)
Jewellery
 h - a ring of flight
Scrolls
 g - a scroll of magic mapping {unknown}
 j - a scroll of blinking {unknown}
 k - a scroll of immolation {unknown}
 m - a scroll of enchant armour {unknown}
 n - 4 scrolls of identify {unknown}
Potions
 f - a potion of might {unknown}
 i - a potion of ambrosia {unknown}
 l - a potion of curing {unknown}


   Skills:
 + Level 3.0 Fighting
 + Level 4.7 Polearms
 + Level 2.1 Throwing
 + Level 1.0 Armour
 + Level 3.8 Dodging
 + Level 0.8 Stealth


You had 3 spell levels left.
You didn't know any spells.
Your spell library contained the following spells:

 Spells                   Type           Power      Damage    Failure   Level
 Apportation              Tloc           0%         N/A       54%         1
 Blink                    Tloc           0%         N/A       67%         2
 Momentum Strike          Conj/Tloc      0%         3d8       67%         2
 Lesser Beckoning         Tloc           0%         N/A       88%         3
 Alistair's Intoxication  Tmut/Pois      0%         N/A       100%        5


Dungeon Overview and Level Annotations

Branches:
Dungeon (3/15)

Altars:
Nemelex Xobeh


Innate Abilities, Weirdness & Mutations

You have a pair of horns on your head.
You reflexively headbutt those who attack you in melee.


Message History

Your Armour skill increases to level 1!
You have reached level 4!
You feel stronger.
You barely miss the orc. The orc barely misses you. The orc closely misses you.
You hit the orc. You headbutt the orc.
You kill the orc!
The orc barely misses you.
You reach to attack!
You barely miss the orc.
You hear some strange, mumbled words.
A magic dart appears from out of thin air!
The magic dart hits you. The orc misses you.
You reach to attack!
You puncture the orc!
The orc is almost dead.
Something hits you but does no damage. The orc completely misses you.
You reach to attack!
You hit the orc.
You kill the orc!
Something hits you. x2
No target in view!
No target in view!
No target in view!
You barely miss something. Something hits you.
You completely miss something. Your headbutt misses something.
You hear some strange, mumbled words.
A puff of flame appears from out of thin air!
The puff of flame hits you!
You barely miss something.
You hear some strange, mumbled words.
You are confused.
You bump into the rock wall.
Something hits you. x2
You bump into the metal wall.
Something hits you.
You hear some strange, mumbled words.
A magic dart appears from out of thin air!
The magic dart hits you.
* * * LOW HITPOINT WARNING * * *
You bump into the rock wall.
Something hits you.
* * * LOW HITPOINT WARNING * * *
You hear some strange, mumbled words.
A puff of flame appears from out of thin air!
The puff of flame hits you!
You die...

#...# ##.....##...
###...####.......#...
............._......
###....###.......#
##...# ##.....##
#...# ##...#### #####
##.##..## #....{.#
#...@#.....# #...)#
##..? #####.. . ...
..... ..... .....
......


There were no monsters in sight!

Vanquished Creatures
  An orc wizard (D:3)
  A worm (D:3)
  2 orcs (D:3)
  5 endoplasms
  2 giant cockroaches (D:2)
  2 hobgoblins
  4 jackals (D:2)
  2 quokkas
  3 ball pythons
  6 bats
  6 frilled lizards
  3 goblins
  9 kobolds
  2 rats (D:2)
48 creatures vanquished.

Notes
Turn   | Place    | Note
-------+----------+-------------------------------------------
     0 | D:1      | Juicyj the Minotaur Gladiator began the quest for the Orb.
     0 | D:1      | Reached XP level 1. HP: 18/18 MP: 0/0
   117 | D:1      | Reached XP level 2. HP: 24/25 MP: 1/1
   184 | D:1      | Reached skill level 4 in Polearms
   764 | D:2      | Reached XP level 3. HP: 30/30 MP: 2/2
  1474 | D:3      | Found a sparkling altar of Nemelex Xobeh.
  1520 | D:3      | Reached skill level 1 in Armour
  1520 | D:3      | Reached XP level 4. HP: 34/38 MP: 3/3
  1531 | D:3      | Killed from afar by an orc wizard

Illustrated notes

Levels and vault maps discovered:
D:1:      minmay_arrival_stone_box, layout_basic, minmay_misc_feat_chi
D:2:      wander_river, layout_basic
D:3:      minmay_chambers_of_threes, layout_basic, lemuel_round_altar,
          uniq_robin

Skill      XL: |  1  2  3 |
---------------+----------+-----
Polearms       | 4 |  4.7
Fighting       | 3 |  3.0
Armour         | 1 |  1.0
Throwing       | |  2.1
Dodging        | |  3.8
Stealth        | |  0.8

Action                   |  1- 3 |  4- 6 || total
-------------------------+-------+-------++-------
Melee: Trident           |    93 |     8 ||   101
       Headbutt          |     8 |     1 ||     9
 Stab: Sleeping          |     2 |       ||     2
Armor: Leather armour    |    20 |     1 ||    21
Dodge: Dodged            |    49 |     5 ||    54

Table legend: (Time is in decaauts)
 A = Elapsed time spent in this place.
 B = Non-inter-level travel time spent in this place.
 C = Inter-level travel time spent in this place.
 D = Time resting spent in this place.
 E = Time spent auto-exploring this place.
 F = Levels seen in this place.
 G = Mean time per level.
                   A        B        C        D        E       F      G
               +--------+--------+--------+--------+--------+-----+--------+
         Total |   1566 |   1543 |     23 |      0 |   1308 |   3 |  522.0 |
       Dungeon |   1566 |   1543 |     23 |      0 |   1308 |   3 |  522.0 |
               +--------+--------+--------+--------+--------+-----+--------+

Top non-repeatable levels by time:
     D:2: 724 daAuts
     D:1: 594 daAuts
     D:3: 247 daAuts
